 Dungeon Crawl Stone Soup version 0.28-a0-258-g8de209e91f (webtiles) character file.

Game seed: 4989795762548288658

39 serber55 the Magician (level 3, -11/27 HPs)
             Began as a Djinni Ice Elementalist on Aug 26, 2021.
             Mangled by Crazy Yiuf (19 damage)
             ... on level 2 of the Dungeon.
             The game lasted 00:06:48 (1144 turns).

serber55 the Magician (Djinni Ice Elementalist)     Turns: 1144, Time: 00:06:48

Health: -11/27     AC:  8    Str:  7    XL:     3   Next: 67%
Gold:   126        EV: 12    Int: 17    God:
                   SH:  0    Dex: 13

rFire   + + .      SeeInvis .   d - +1 dagger (speed)
rCold   x . .      Faith    .   (no shield)
rNeg    . . .      Spirit   .   a - +0 robe
rPois   ∞          Reflect  .   (no helmet)
rElec   .          Harm     .   (no cloak)
rCorr   .          Rampage  .   (no gloves)
Will    .....                   (boots unavailable)
Stlth   ++........              (no amulet)
HPRegen 0.09/turn               (no ring)
MPRegen 0.00/turn               (no ring)

@: ice-armoured, freezing walls, flying
A: sickness immunity, fire resistance 2, cold vulnerability 1, float, innate
caster, hp casting, extra vitality 1
a: no special abilities


You were on level 2 of the Dungeon.
You visited 1 branch of the dungeon, and saw 2 of its levels.

You collected 126 gold pieces.

Inventory:

Hand Weapons
 d - a +1 dagger of speed (weapon)
Armour
 a - a +0 robe (worn)
Scrolls
 b - a scroll of identify {unknown}
 e - a scroll of fog {unknown}
Potions
 c - 2 potions of curing


   Skills:
 + Level 1.2 Fighting
 + Level 2.8 Dodging
 - Level 1.5 Stealth
 * Level 3.7 Spellcasting


You couldn't memorise any spells.
You knew the following spells:

 Your Spells              Type           Power      Damage    Failure   Level
a - Freeze                Ice            60%        1d8       3%          1
b - Frozen Ramparts       Ice            30%        1d5       11%         3
c - Ozocubu's Armour      Ice            15%        N/A       11%         3
d - Hailstorm             Conj/Ice       15%        3d5       34%         4
e - Animate Skeleton      Necr           30%        N/A       3%          1
Your spell library was empty.

Dungeon Overview and Level Annotations

Branches:
Dungeon (2/15)

Altars:

Annotations:
D:2 Crazy Yiuf


Innate Abilities, Weirdness & Mutations

You are immune to sickness and miasma.
You are immune to poison.
Your flesh is very heat resistant. (rF++)
You are vulnerable to cold. (rC-)
You float through the air rather than walking.
You learn spells naturally, not from books.
Your magical power is your life essence.
You have superior vitality. (+4 HP)


Message History

You see here a +0 club.
Found 10 gold pieces.
Found 8 stones.
You now have 126 gold pieces (gained 10).
Found a stone staircase leading down.
You see here 8 stones.
Found a mace.
Found a runed translucent door.
Okay, then.
Casting: Frozen Ramparts (quite dangerous; 11% risk of failure)
Confirm with . or Enter, or press ? or * to list all spells.
The spell is quite dangerous to cast (11% risk of failure)!
Continue anyway?
A film of ice covers your body!
You reach down and open the door.
Crazy Yiuf says, "Prologue!"
Casting: Ozocubu's Armour (quite dangerous; 11% risk of failure)
Confirm with . or Enter, or press ? or * to list all spells.
The spell is quite dangerous to cast (11% risk of failure)!
Continue anyway?
Okay, then.
Casting: Frozen Ramparts (quite dangerous; 11% risk of failure)
Confirm with . or Enter, or press ? or * to list all spells.
The spell is quite dangerous to cast (11% risk of failure)!
Continue anyway?
Casting: Frozen Ramparts (quite dangerous; 11% risk of failure)
Press: ? - help, Dir - look around, f - activate The walls around you are covered in ice.
The wall freezes Crazy Yiuf.
Crazy Yiuf hits you with a +2 quarterstaff of chaos.
You resist with some effort.
Casting: Frozen Ramparts (quite dangerous; 11% risk of failure)
Confirm with . or Enter, or press ? or * to list all spells.
Aiming: Freeze (safe; 3% risk of failure)
Press: ? - help, Shift-Dir - straight line, f - Crazy Yiuf
Aim: Crazy Yiuf, wielding a +2 quarterstaff of chaos and wearing a +2 cloak of stealth (lightly wounded)
You freeze Crazy Yiuf.
Crazy Yiuf is moderately wounded.
The wall freezes Crazy Yiuf.
Crazy Yiuf hits you with a +2 quarterstaff of chaos!
* * * LOW HITPOINT WARNING * * *
Space warps horribly around you!!
Ouch! That really hurt!
You die...

#.. #.. #.. #.# #.#
#.##♣♣♣♣♣
####.#...♣.♣♣♣ ### ##
#.........♣..♣#...#
.###.#......♣♣♣♣@g...#
..##.##.#..♣♣ ♣♣#..)#
>..#.##.##♣♣ ###
........# ...#.##.#
..##.#### .###.# ##
#.# #.#


You could see Crazy Yiuf.

Vanquished Creatures
  A gnoll (D:1)
  2 dart slugs (D:1)
  4 ball pythons (D:1)
  2 giant cockroaches (D:1)
  6 goblins
  A hobgoblin (D:1)
  2 kobolds (D:1)
  A bat (D:1)
  A frilled lizard (D:1)
  2 rats (D:1)
22 creatures vanquished.

Vanquished Creatures (others)
  4 toadstools (D:1)
4 creatures vanquished.

Grand Total: 26 creatures vanquished

Notes
Turn   | Place    | Note
-------+----------+-------------------------------------------
     0 | D:1      | serber55 the Djinni Ice Elementalist began the quest for
                  | the Orb.
     0 | D:1      | Reached XP level 1. HP: 15/15 MP: 0/0
    79 | D:1      | Reached XP level 2. HP: 14/22 MP: 0/0
   290 | D:1      | Reached skill level 1 in Fighting
   290 | D:1      | Reached XP level 3. HP: 24/27 MP: 0/0
   290 | D:1      | Learned a level 1 spell: Animate Skeleton
  1137 | D:2      | Found a runed translucent door.
  1138 | D:2      | Noticed Crazy Yiuf
  1144 | D:2      | Mangled by Crazy Yiuf

Illustrated notes

Levels and vault maps discovered:
D:1:      roderic_octagonal_star, layout_basic, minmay_gold_behind_fungi
D:2:      layout_loops_ring, hellmonk_ecumenical_altar_arch_garden,
          small_statue_intersection, uniq_crazy_yiuf_cottage, uniq_natasha

Skill      XL: |  1  2 |
---------------+-------+-----
Fighting       | 1 |  1.2
Dodging        | |  2.8
Stealth        | |  1.5
Spellcasting   | |  3.7

Action                   || total
-------------------------++-------
Melee: Dagger            ||    29
 Cast: Freeze            ||    21
       Frozen Ramparts   ||     2
       Ozocubu's Armour  ||     1
  Use: Potion            ||     2
 Stab: Sleeping          ||     2
Armor: Robe              ||     7
Dodge: Dodged            ||    22

Table legend: (Time is in decaauts)
 A = Elapsed time spent in this place.
 B = Non-inter-level travel time spent in this place.
 C = Inter-level travel time spent in this place.
 D = Time resting spent in this place.
 E = Time spent auto-exploring this place.
 F = Levels seen in this place.
 G = Mean time per level.
                   A        B        C        D        E       F      G
               +--------+--------+--------+--------+--------+-----+--------+
         Total |   1133 |   1111 |     22 |    228 |    731 |   2 |  566.5 |
       Dungeon |   1133 |   1111 |     22 |    228 |    731 |   2 |  566.5 |
               +--------+--------+--------+--------+--------+-----+--------+

Top non-repeatable levels by time:
     D:1: 1070 daAuts
     D:2: 63 daAuts
